cohdb
Replays
Latest Replays
All Replays
Popular Replays
Top Player Replays
Match Explorer
How It Works
Community
CoH3 Stats
Reddit
Sign in to upload your games and track your stats! →
Sign in with Steam
Match 43757452
Unlisted
Match 43757452
Overview
Messages
Build Orders
End
Royal Engineer Section
Construct Section Command Post
Dingo Light Scout Car
Infantry Section
Infantry Section
Selects Canadian Shock Battlegroup
Construct Platoon Command Post
Selects Attacking Spirit
Selects Canadian Shock Section
Unlock M3 Stuart Light Tanks
Canadian Shock Section
Construct Field Infirmary
Selects Incendiary Munitions
M3 Stuart Light Tank
Selects Pyrotechnics
M3 Stuart Light Tank
Vickers Machine Gun Team
Infantry Section
Unlock Bishop Self-propelled Artillery
Canadian Shock Section
Infantry Training
Selects Churchill Crocodile Heavy Tank
Churchill Crocodile Heavy Tank
Bishop Self-propelled Artillery
Jablitt
samablitt
BES2
Jarkke
0
0
Comments
sign in to comment!
No comments posted yet!